3AA
LONG ISLAND SEAWOLVES @ BILLINGS POLAR BEARS
05/07/2028
 
TOP OF THE 1ST
Long Island Seawolves batting - Pitching for Billings Polar Bears : RHP Mick Alston
Pitching: RHP Mick Alston
Batting: RHB José Orihvela 0-0: Ball
1-0: Fly out, F7 (Flyball, 7S)
Batting: RHB Mark Shoffner 0-0: Ball
1-0: Ground out 5-3 (Groundball, 56)
Batting: LHB Pedro Colón 0-0: Ground out 3-1 (Groundball, 34)
Top of the 1st over - 0 run(s), 0 hit(s), 0 error(s), 0 left on base; Long Island 0 - Billings 0
BOTTOM OF THE 1ST
Billings Polar Bears batting - Pitching for Long Island Seawolves : RHP Christian Irgoyen
Pitching: RHP Christian Irgoyen
Batting: LHB Carlos Medellín 0-0: Ball
1-0: Foul Ball, location: 2F
1-1: SINGLE (Groundball, 4MD)
Batting: RHB Arturo Scantlebury 0-0: Called Strike
Carlos Medellín steals 2nd base
0-1: Ball
1-1: Ball
2-1: Hit by Pitch
Batting: RHB Wu-shiun Wang 0-0: Called Strike
0-1: Called Strike
0-2: Ball
1-2: Foul Ball, location: 2F
1-2: Fly out, F3 (Line Drive, 3)
Lined into DP, U3 (Line Drive, 3)
Batting: RHB Apu Nahasapeemapetilon 0-0: Called Strike
0-1: Ball
1-1: SINGLE (Line Drive, 8RS)
Carlos Medellín to third
Batting: LHB Alfred Miles 0-0: Called Strike
0-1: Ball
1-1: Ball
2-1: Foul Ball, location: 2F
2-2: Ball
3-2: 3-RUN HOME RUN (Line Drive, 9D), Distance : 383 ft
Batting: RHB Fernando Trinidad 0-0: SINGLE (Line Drive, 8RS)
Batting: LHB Fa-tang Wang 0-0: Ball
1-0: Ball
2-0: Foul Ball, location: 2F
2-1: Foul Ball, location: 2F
2-2: SINGLE (Line Drive, 6D)
Fernando Trinidad to second
Batting: RHB Nelson Jaramillo 0-0: Swinging Strike
0-1: Called Strike
0-2: Strikes out looking
Bottom of the 1st over - 3 run(s), 5 hit(s), 0 error(s), 2 left on base; Long Island 0 - Billings 3
TOP OF THE 2ND
Long Island Seawolves batting - Pitching for Billings Polar Bears : RHP Mick Alston
Batting: LHB Govaart Pleijt 0-0: Called Strike
0-1: Ball
1-1: Ground out 6-3 (Groundball, 6)
Batting: RHB Rob McGinnity 0-0: Called Strike
0-1: Foul Ball, location: 2F
0-2: Strikes out swinging
Batting: RHB Jeff MacCamie 0-0: Ball
1-0: Ball
2-0: Ball
3-0: Called Strike
3-1: Called Strike
3-2: Base on Balls
Batting: RHB Júlio Flores 0-0: Ball
1-0: Foul Ball, location: 2F
1-1: Swinging Strike
1-2: Ball
2-2: Strikes out swinging
Top of the 2nd over - 0 run(s), 0 hit(s), 0 error(s), 1 left on base; Long Island 0 - Billings 3
BOTTOM OF THE 2ND
Billings Polar Bears batting - Pitching for Long Island Seawolves : RHP Christian Irgoyen
Batting: RHB José Báez 0-0: Called Strike
0-1: SINGLE (Line Drive, 7S)
Batting: LHB Carlos Medellín 0-0: Called Strike
0-1: Ball
1-1: Swinging Strike
1-2: Ball
2-2: Ball
3-2: Fly out, F4 (Popup, 34D)
Batting: RHB Arturo Scantlebury 0-0: Called Strike
José Báez is caught stealing 2nd base
0-1: Foul Ball, location: 2F
0-2: Ball
1-2: SINGLE (Line Drive, 78S)
Batting: RHB Wu-shiun Wang 0-0: Ball
1-0: Ball
2-0: SINGLE (Groundball, 56D)
Arturo Scantlebury to second
Batting: RHB Apu Nahasapeemapetilon 0-0: Ball
1-0: Called Strike
1-1: Foul Ball, location: 2F
1-2: Ball
2-2: Foul Ball, location: 2F
2-2: Ball
3-2: SINGLE (Groundball, 6MD)
Arturo Scantlebury to third
Wu-shiun Wang to second
Arturo Scantlebury scores
Wu-shiun Wang to third
Batting: LHB Alfred Miles 0-0: Ball
1-0: Ball
2-0: SINGLE (Groundball, 6D)
Wu-shiun Wang scores
Apu Nahasapeemapetilon to second
Batting: RHB Fernando Trinidad 0-0: Called Strike
0-1: Ball
1-1: Ball
2-1: 3-RUN HOME RUN (Flyball, 78XD), Distance : 417 ft
Batting: LHB Fa-tang Wang 0-0: Ball
1-0: Called Strike
1-1: Ball
2-1: Ball
3-1: Base on Balls
Pitching: RHP Cristóbal Rodríguez
Batting: RHB Nelson Jaramillo 0-0: Called Strike
0-1: Ball
1-1: SINGLE (Groundball, 56D)
Fa-tang Wang to second
Runner from 2nd tries for 3rd, SAFE, no throw
Batting: RHB José Báez 0-0: Ball
1-0: Ball
2-0: Called Strike
2-1: Foul Ball, location: 2F
2-2: Strikes out swinging
Bottom of the 2nd over - 5 run(s), 7 hit(s), 0 error(s), 2 left on base; Long Island 0 - Billings 8
TOP OF THE 3RD
Long Island Seawolves batting - Pitching for Billings Polar Bears : RHP Mick Alston
Batting: RHB Creed Bratton 0-0: Ball
1-0: Ball
2-0: Called Strike
2-1: SINGLE (Groundball, 5) (infield hit)
Batting: RHB Andrés Aguilar 0-0: Called Strike
Creed Bratton steals 2nd base
0-1: Ball
1-1: Fly out, F4 (Popup, 34D)
Batting: RHB José Orihvela 0-0: Fly out, F7 (Flyball, 78M)
Batting: RHB Mark Shoffner 0-0: Ball
Wild Pitch!
Creed Bratton to third
1-0: Ground out 4-3 (Groundball, 4)
Top of the 3rd over - 0 run(s), 1 hit(s), 0 error(s), 1 left on base; Long Island 0 - Billings 8
BOTTOM OF THE 3RD
Billings Polar Bears batting - Pitching for Long Island Seawolves : RHP Cristóbal Rodríguez
Batting: LHB Carlos Medellín 0-0: Foul Ball, location: 2F
0-1: Ball
1-1: Fly out, F8 (Flyball, 8RM)
Batting: RHB Arturo Scantlebury 0-0: Ground out 4-3 (Groundball, 4)
Batting: RHB Wu-shiun Wang 0-0: Ball
1-0: SINGLE (Groundball, 15S) (infield hit)
Batting: RHB Apu Nahasapeemapetilon 0-0: Ball
Wu-shiun Wang steals 2nd base
1-0: Ground out 5-3 (Groundball, 5S)
Bottom of the 3rd over - 0 run(s), 1 hit(s), 0 error(s), 1 left on base; Long Island 0 - Billings 8
TOP OF THE 4TH
Long Island Seawolves batting - Pitching for Billings Polar Bears : RHP Mick Alston
Batting: LHB Pedro Colón 0-0: Ball
1-0: Ball
2-0: Ball
3-0: Base on Balls
Batting: LHB Govaart Pleijt 0-0: Ball
Wild Pitch!
Pedro Colón to second
1-0: Ball
2-0: Ground out 1-3 (Groundball, 13S)
Pedro Colón to third
Batting: RHB Rob McGinnity 0-0: Ball
1-0: Foul Ball, location: 2F
1-1: Ball
2-1: Swinging Strike
2-2: Strikes out swinging
Batting: RHB Jeff MacCamie 0-0: Foul Ball, location: 2F
0-1: Ball
1-1: Ball
2-1: Ball
3-1: Base on Balls
Pitching: RHP Raúl Flores
Batting: RHB Júlio Flores 0-0: Ball
1-0: Called Strike
Jeff MacCamie steals 2nd base
1-1: Called Strike
1-2: TRIPLE (Line Drive, 7LS)
Pedro Colón scores
Jeff MacCamie scores
Batting: RHB Creed Bratton 0-0: Reached on error, E4 (Groundball, 4M)
Júlio Flores scores
Batting: RHB Andrés Aguilar 0-0: Called Strike
Creed Bratton steals 2nd base
0-1: Ball
1-1: Foul Ball, location: 2F
1-2: Foul Ball, location: 2F
1-2: Ball
2-2: Foul Ball, location: 2F
2-2: Foul Ball, location: 2F
2-2: Ball
3-2: Foul Ball, location: 2F
3-2: Fly out, F8 (Line Drive, 78M)
Top of the 4th over - 3 run(s), 1 hit(s), 1 error(s), 1 left on base; Long Island 3 - Billings 8
BOTTOM OF THE 4TH
Billings Polar Bears batting - Pitching for Long Island Seawolves : RHP Cristóbal Rodríguez
Batting: LHB Alfred Miles 0-0: DOUBLE (Line Drive, 9D)
Batting: RHB Fernando Trinidad 0-0: Ball
1-0: Called Strike
1-1: Foul Ball, location: 2F
1-2: Foul Ball, location: 2F
1-2: Ball
2-2: Ball
3-2: Base on Balls
Batting: LHB Fa-tang Wang 0-0: Called Strike
0-1: Fielders Choice at 2nd, 4-6 (Groundball, 4M)
Alfred Miles to third
Batting: RHB Nelson Jaramillo 0-0: Ball
1-0: Called Strike
1-1: Ball
2-1: Foul Ball, location: 2F
2-2: Foul Ball, location: 2F
2-2: Fly out, F7 (Flyball, 7S)
Runner from 3rd tags up, SCORES, throw made
Batting: RHB José Báez 0-0: Called Strike
0-1: Ball
1-1: Ball
2-1: Foul Ball, location: 2F
2-2: Ball
3-2: Base on Balls
Fa-tang Wang to second
Batting: LHB Carlos Medellín 0-0: Ball
1-0: Ball
Fa-tang Wang is caught stealing 3rd base
Bottom of the 4th over - 1 run(s), 1 hit(s), 0 error(s), 0 left on base; Long Island 3 - Billings 9
TOP OF THE 5TH
Long Island Seawolves batting - Pitching for Billings Polar Bears : RHP Raúl Flores
Batting: RHB José Orihvela 0-0: Ball
1-0: Ball
2-0: Foul Ball, location: 2F
2-1: Ball
3-1: Base on Balls
Batting: RHB Mark Shoffner 0-0: Ball
1-0: Swinging Strike
1-1: Swinging Strike
1-2: Ball
2-2: Strikes out swinging
Batting: LHB Pedro Colón 0-0: Ball
1-0: Ground out 6-3 (Groundball, 6MD)
José Orihvela to second
Batting: LHB Govaart Pleijt 0-0: Called Strike
0-1: Ball
1-1: Ball
2-1: Ball
3-1: Foul Ball, location: 2F
3-2: Strikes out swinging
Top of the 5th over - 0 run(s), 0 hit(s), 0 error(s), 1 left on base; Long Island 3 - Billings 9
BOTTOM OF THE 5TH
Billings Polar Bears batting - Pitching for Long Island Seawolves : RHP Cristóbal Rodríguez
Batting: LHB Carlos Medellín 0-0: Called Strike
0-1: Ball
1-1: Ball
2-1: Ball
3-1: Ground out U3 (Groundball, 34S)
Batting: RHB Arturo Scantlebury 0-0: Called Strike
0-1: Ball
1-1: Ground out 6-3 (Groundball, 6S)
Batting: RHB Wu-shiun Wang 0-0: Ball
1-0: Ball
2-0: Ball
3-0: Base on Balls
Batting: RHB Apu Nahasapeemapetilon 0-0: Ball
1-0: Foul Ball, location: 2F
1-1: Ball
2-1: SINGLE (Line Drive, 34D)
Wu-shiun Wang to second
Runner from 2nd tries for 3rd, SAFE, no throw
Batting: LHB Alfred Miles 0-0: Ball
1-0: DOUBLE (Popup, 3D)
Wu-shiun Wang scores
Apu Nahasapeemapetilon to third
Batting: RHB Fernando Trinidad 0-0: Foul Ball, location: 2F
0-1: Ground out 5-3 (Groundball, 56S)
Bottom of the 5th over - 1 run(s), 2 hit(s), 0 error(s), 2 left on base; Long Island 3 - Billings 10
TOP OF THE 6TH
Long Island Seawolves batting - Pitching for Billings Polar Bears : RHP Raúl Flores
Batting: RHB Rob McGinnity 0-0: Called Strike
0-1: Ball
1-1: Called Strike
1-2: Ball
2-2: Strikes out looking
Batting: RHB Jeff MacCamie 0-0: Ball
1-0: Ball
2-0: Ball
3-0: Base on Balls
Batting: RHB Júlio Flores 0-0: Ball
1-0: Grounds into double play, 6-4-3 (Groundball, 6)
Top of the 6th over - 0 run(s), 0 hit(s), 0 error(s), 0 left on base; Long Island 3 - Billings 10
BOTTOM OF THE 6TH
Billings Polar Bears batting - Pitching for Long Island Seawolves : RHP Cristóbal Rodríguez
Pitching: LHP José González
Batting: LHB Fa-tang Wang 0-0: Called Strike
0-1: Foul Ball, location: 2F
0-2: Ball
1-2: Strikes out swinging
Batting: RHB Nelson Jaramillo 0-0: Ball
1-0: Ball
2-0: Called Strike
2-1: Ball
3-1: Foul Ball, location: 2F
3-2: Foul Ball, location: 2F
3-2: Base on Balls
Batting: RHB José Báez 0-0: Ball
1-0: Called Strike
1-1: Foul Ball, location: 2F
1-2: Ball
Nelson Jaramillo is caught stealing 2nd base
2-2: Ground out 5-3 (Groundball, 56S)
Bottom of the 6th over - 0 run(s), 0 hit(s), 0 error(s), 0 left on base; Long Island 3 - Billings 10
TOP OF THE 7TH
Long Island Seawolves batting - Pitching for Billings Polar Bears : RHP Raúl Flores
Batting: RHB Creed Bratton 0-0: Ball
1-0: Called Strike
1-1: Called Strike
1-2: Fly out, F8 (Line Drive, 8LM)
Batting: RHB Andrés Aguilar 0-0: Called Strike
0-1: Swinging Strike
0-2: Foul Ball, location: 2F
0-2: Foul Ball, location: 2F
0-2: Hit by Pitch
Pitching: LHP Rafael Torrez
Batting: RHB José Orihvela 0-0: Foul Ball, location: 2F
0-1: Ball
1-1: Called Strike
1-2: Foul Ball, location: 2F
1-2: Grounds into double play, 4-6-3 (Groundball, 4M)
Top of the 7th over - 0 run(s), 0 hit(s), 0 error(s), 0 left on base; Long Island 3 - Billings 10
BOTTOM OF THE 7TH
Billings Polar Bears batting - Pitching for Long Island Seawolves : LHP José González
Batting: LHB Carlos Medellín 0-0: Ball
1-0: Ball
2-0: Foul Ball, location: 2F
2-1: Ground out 4-3 (Groundball, 4)
Batting: RHB Arturo Scantlebury 0-0: Ball
1-0: SINGLE (Groundball, 6MD)
Batting: RHB Wu-shiun Wang 0-0: Ball
1-0: Foul Ball, location: 2F
1-1: Swinging Strike
1-2: Ball
2-2: Foul Ball, location: 2F
2-2: Strikes out swinging
Batting: RHB Apu Nahasapeemapetilon 0-0: Ball
1-0: Foul Ball, location: 2F
1-1: Ball
2-1: Foul Ball, location: 2F
2-2: Strikes out swinging
Bottom of the 7th over - 0 run(s), 1 hit(s), 0 error(s), 1 left on base; Long Island 3 - Billings 10
TOP OF THE 8TH
Long Island Seawolves batting - Pitching for Billings Polar Bears : LHP Rafael Torrez
Now at C: Javier Carretero
Now at 1B: Steve Sconiers
Batting: RHB Mark Shoffner 0-0: Called Strike
0-1: Ball
1-1: Ball
2-1: SINGLE (Groundball, 56D)
Batting: LHB Pedro Colón 0-0: DOUBLE (Line Drive, 89XD)
Mark Shoffner to third
Runner from 3rd tries for Home, SAFE, no throw
Batting: LHB Govaart Pleijt 0-0: Ground out 5-3 (Groundball, 56)
Batting: RHB Rob McGinnity 0-0: Ball
1-0: Swinging Strike
1-1: Ball
2-1: Fly out, F7 (Flyball, 7)
Batting: RHB Jeff MacCamie 0-0: Called Strike
0-1: Foul Ball, location: 2F
0-2: Strikes out looking
Top of the 8th over - 1 run(s), 2 hit(s), 0 error(s), 1 left on base; Long Island 4 - Billings 10
BOTTOM OF THE 8TH
Billings Polar Bears batting - Pitching for Long Island Seawolves : LHP José González
Batting: LHB Alfred Miles 0-0: Ball
1-0: Foul Ball, location: 2F
1-1: Swinging Strike
1-2: Foul Ball, location: 2F
1-2: Ball
2-2: Ground out 6-3 (Groundball, 6M)
Batting: RHB Fernando Trinidad 0-0: Called Strike
0-1: Foul Ball, location: 2F
0-2: Ball
1-2: Foul Ball, location: 2F
1-2: Strikes out looking
Batting: LHB Fa-tang Wang 0-0: Called Strike
0-1: Fly out, F9 (Flyball, 9LM)
Bottom of the 8th over - 0 run(s), 0 hit(s), 0 error(s), 0 left on base; Long Island 4 - Billings 10
TOP OF THE 9TH
Long Island Seawolves batting - Pitching for Billings Polar Bears : LHP Rafael Torrez
Batting: RHB Júlio Flores 0-0: Ball
1-0: Ball
2-0: Called Strike
2-1: Called Strike
2-2: Foul Ball, location: 2F
2-2: Ball
3-2: Base on Balls
Batting: RHB Creed Bratton 0-0: Ball
1-0: Foul Ball, location: 2F
1-1: Swinging Strike
1-2: Foul Ball, location: 2F
1-2: Ball
2-2: Fielders Choice at 2nd, 6-4 (Groundball, 6M)
Batting: RHB Andrés Aguilar 0-0: Foul Ball, location: 2F
0-1: Foul Ball, location: 2F
0-2: Ball
1-2: Fly out, F8 (Flyball, 8LM)
Batting: RHB José Orihvela 0-0: Called Strike
0-1: Fly out, F7 (Flyball, 7)
Top of the 9th over - 0 run(s), 0 hit(s), 0 error(s), 1 left on base; Long Island 4 - Billings 10
Friday, July 7th, 2017 - OOTP Baseball 17.12 Build 75